 Dungeon Crawl Stone Soup version 0.20.1-1-g8b1a95d (webtiles) character file.

134 Norian the Magician (level 4, -7/24 HPs)
             Began as a Deep Elf Ice Elementalist on Oct 17, 2017.
             Was an Initiate of Sif Muna.
             Killed from afar by Sigmund (11 damage)
             ... with a magic dart
             ... on level 3 of the Dungeon.
             The game lasted 00:07:04 (2740 turns).

Norian the Magician (Deep Elf Ice Elementalist)     Turns: 2740, Time: 00:07:05

Health: -7/24      AC:  3    Str:  6    XL:     4   Next: 95%
Magic:  2/13       EV: 12    Int: 25    God:    Sif Muna [......]
Gold:   72         SH:  6    Dex: 15    Spells: 10/13 levels left

rFire    . . .     SeeInvis .   i - +0 dagger
rCold    . . .     Gourm    .   n - +2 buckler
rNeg     . . .     Faith    .   a - +0 robe
rPois    .         Spirit   .   (no helmet)
rElec    .         Reflect  .   q - +0 cloak
rCorr    .         Harm     .   d - -1 pair of gloves (curse)
MR       .....                  (no boots)
Stlth    ++........             (no amulet)
Regen    0.1/turn               (no ring)
MPRegen  0.2/turn               (no ring)

@: brilliant, flying
A: no striking features
a: Renounce Religion


You were on level 3 of the Dungeon.
You worshipped Sif Muna.
Sif Muna was noncommittal.
You were not hungry.

You visited 1 branch of the dungeon, and saw 3 of its levels.

You collected 72 gold pieces.

Inventory:

Hand Weapons
 i - a +0 dagger (weapon)
Armour
 a - a +0 robe (worn)
 d - a cursed -1 pair of gloves (worn)
 n - a +2 buckler (worn)
 q - a +0 cloak (worn)
Jewellery
 g - a +3 ring of protection {unknown}
 m - an uncursed amulet of guardian spirit {unknown}
Wands
 p - a wand of polymorph (9/24)
 t - a wand of clouds (4/9)
Scrolls
 e - a scroll of teleportation
 f - 2 scrolls of amnesia {unknown}
 j - 3 scrolls of remove curse {unknown}
 l - a scroll of enchant weapon {unknown}
 o - a scroll of magic mapping {unknown}
Potions
 k - a potion of flight
 r - a potion of brilliance
 s - a potion of lignification {unknown}
Books
 b - a book of Frost

   Spells                             Type                      Level
   a - Freeze                         Ice                          1
   b - Throw Frost                    Conjuration/Ice              2
   c - Ozocubu's Armour               Charms/Ice                   3
   d - Throw Icicle                   Conjuration/Ice              4
   e - Summon Ice Beast               Ice/Summoning                4
Comestibles
 c - 3 bread rations
 u - a royal jelly


   Skills:
 + Level 1.0 Armour
 - Level 2.4 Dodging
 - Level 2.4 Stealth
 + Level 0.8 Shields
 + Level 5.0 Spellcasting
 + Level 2.3 Conjurations
 - Level 4.0 Ice Magic


You had 10 spell levels left.
You knew the following spells:

 Your Spells              Type           Power        Failure   Level  Hunger
a - Throw Frost           Conj/Ice       #####.       1%          2    None
b - Freeze                Ice            ####         1%          1    None


Dungeon Overview and Level Annotations

Branches:
Dungeon (3/15)

Altars:
Dithmenos
Kikubaaqudgha
Sif Muna

Annotations:
D:3 Sigmund


Message History

Press: ? - help, Shift-Dir - straight line, p - Sigmund There's nothing close enough!
Sigmund closely misses you.
Casting: Freeze
Confirm with . or Enter, or press ? or * to list all spells.
You don't have enough magic to cast that spell.
Unknown command.
Casting: Freeze
Confirm with . or Enter, or press ? or * to list all spells.
You don't have enough magic to cast that spell.
Unknown command.
Sigmund gestures at you while chanting. You resist with some effort.
You start resting.
Sigmund closely misses you.
You start resting.
Sigmund casts a spell.
Sigmund flickers and vanishes!
A magic dart appears from out of thin air!
The magic dart hits you!
You die...

#._.# .#
##.#.### #.ยง.#
#.####......
..#..
.#.........
##.## .......).#
. #.# #.#
#.######.#######
#.........##...
########@.##.#
#.....####
#.##.....##.#
#...........#
###.._8_.####
#......#
##.....# #######


There were no monsters in sight!

Vanquished Creatures
  2 orc wizards (D:3)
  An adder (D:3)
  An ooze (D:3)
  A worm (D:2)
  4 leopard geckos
  3 orcs (D:3)
  A ball python (D:1)
  3 giant cockroaches
  7 goblins
  2 hobgoblins (D:1)
  11 jackals
  4 kobolds
  7 bats
  4 frilled lizards
  2 rats
53 creatures vanquished.

Notes
Turn   | Place    | Note
-------+----------+-------------------------------------------
     0 | D:1      | Norian the Deep Elf Ice Elementalist began the quest for the Orb.
     0 | D:1      | Reached XP level 1. HP: 10/10 MP: 6/6
   173 | D:1      | Reached XP level 2. HP: 15/15 MP: 4/8
   458 | D:2      | Reached skill level 4 in Spellcasting
   831 | D:2      | Learned a level 2 spell: Throw Frost
   855 | D:2      | Reached XP level 3. HP: 19/19 MP: 0/10
  1911 | D:3      | Reached XP level 4. HP: 22/24 MP: 3/12
  2113 | D:3      | Reached skill level 1 in Armour
  2113 | D:3      | Reached skill level 5 in Spellcasting
  2415 | D:3      | Found a shadowy altar of Dithmenos.
  2454 | D:3      | Noticed Sigmund
  2513 | D:3      | Found a deep blue altar of Sif Muna.
  2513 | D:3      | Found an ancient bone altar of Kikubaaqudgha.
  2515 | D:3      | Became a worshipper of Sif Muna the Loreminder
  2709 | D:3      | HP: 1/24 [Sigmund/puff of flame (6)]
  2740 | D:3      | Killed from afar by Sigmund

Skill      XL: |  1  2  3  4 |
---------------+-------------+-----
Spellcasting   | 4 5 |  5.0
Ice Magic      | 4 |  4.0
Armour         | 1 |  1.0
Conjurations   | 2 |  2.3
Dodging        | |  2.4
Stealth        | |  2.4
Shields        | |  0.8

Action                   |  1- 3 |  4- 6 || total
-------------------------+-------+-------++-------
Melee: Dagger            |    30 |     8 ||    38
       Unarmed           |     1 |       ||     1
 Cast: Freeze            |    48 |    16 ||    64
       Throw Frost       |    24 |    17 ||    41
  Use: Potion            |       |     3 ||     3
       Scroll            |       |     1 ||     1
 Stab: Sleeping          |     1 |       ||     1
  Eat: Chunk             |     2 |       ||     2
       Meat ration       |       |     1 ||     1
Armor: Robe              |    18 |     5 ||    23
Dodge: Dodged            |    57 |    13 ||    70
Block: Buckler           |     9 |     2 ||    11
